 Dungeon Crawl Stone Soup version 0.21-a0-513-gdcb3f5e (webtiles) character file.

20 slep the Skirmisher (level 2, -1/27 HPs)
             Began as a Hill Orc Fighter on Dec 2, 2017.
             Succumbed to a goblin's poison
             ... on level 1 of the Dungeon.
             The game lasted 00:01:38 (623 turns).

slep the Skirmisher (Hill Orc Fighter)               Turns: 623, Time: 00:01:39

Health: -1/27      AC:  7    Str: 18    XL:     2   Next: 79%
Magic:  2/2        EV:  7    Int:  8    God:
Gold:   66         SH:  9    Dex: 10    Spells: 1/1 levels left

rFire    . . .     SeeInvis .   h - +0 club
rCold    . . .     Gourm    .   c - +0 shield
rNeg     . . .     Faith    .   b - +0 scale mail
rPois    .         Spirit   .   (no helmet)
rElec    .         Reflect  .   (no cloak)
rCorr    .         Harm     .   (no gloves)
MR       .....                  (no boots)
Stlth    ..........             (no amulet)
HPRegen  0.09/turn              j - -2 ring of slaying (curse)
MPRegen  0.08/turn              (no ring)

@: lethally poisoned (-1 -> -17)
A: no striking features
a: no special abilities


You were on level 1 of the Dungeon.
You were not hungry.

You visited 1 branch of the dungeon, and saw 1 of its levels.

You collected 66 gold pieces.

Inventory:

Hand Weapons
 h - a +0 club (weapon)
Armour
 b - a +0 scale mail (worn)
 c - a +0 shield (worn)
Jewellery
 j - a cursed -2 ring of slaying (left hand)
Scrolls
 e - a scroll of remove curse {unknown}
 g - a scroll of teleportation {unknown}
 i - a scroll of immolation {unknown}
 l - a scroll of fog {unknown}
 m - a scroll of amnesia {unknown}
Potions
 d - a potion of might
 k - a potion of berserk rage {unknown}
Comestibles
 a - a meat ration
 f - a bread ration


   Skills:
 + Level 3.8 Fighting
   Level 2.1 Short Blades
 + Level 3.7 Armour
 + Level 3.7 Shields


You had one spell level left.
You didn't know any spells.

Dungeon Overview and Level Annotations

Branches:
Dungeon (1/15)

Altars:
Xom


Message History

The kobold is severely wounded.
* * * LOW HITPOINT WARNING * * *
You feel sick. The kobold hits you but does no damage.
You closely miss the kobold.
The kobold is severely wounded.
* * * LOW HITPOINT WARNING * * *
You feel very sick. You block the kobold's attack.
The kobold hits you but does no damage.
You closely miss the kobold.
The kobold is moderately wounded.
* * * LOW HITPOINT WARNING * * *
You feel sick. You block the kobold's attack.
You hit the kobold.
The kobold is severely wounded.
* * * LOW HITPOINT WARNING * * *
You feel sick. You block the kobold's attack.
The kobold hits you but does no damage.
Your shield and scale mail prevent you from hitting the kobold.
The kobold is severely wounded.
You die...

########### #..........
#.......... ######
#..........
.....#########..........
♣♣♣♣............@.......
♣♣♣♣♣...######..K.......
PP≈≈≈♣..### #####+#####
≈≈≈≈P♣♣...########..#
P≈≈≈P≈♣≈♣..>......#.#
.≈.≈.≈≈≈♣.###†###...#
..........###..###..#
≈........###†...≈#..#
≈≈≈≈P.P..##≈♣≈.≈♣≈..#


You could see a kobold.

Vanquished Creatures
  A leopard gecko (D:1)
  A giant cockroach (D:1)
  3 goblins (D:1)
  4 hobgoblins (D:1)
  A ball python (D:1)
  2 bats (D:1)
  3 frilled lizards (D:1)
  3 rats (D:1)
18 creatures vanquished.

Vanquished Creatures (others)
  4 toadstools (D:1)
4 creatures vanquished.

Grand Total: 22 creatures vanquished

Notes
Turn   | Place    | Note
-------+----------+-------------------------------------------
     0 | D:1      | slep the Hill Orc Fighter began the quest for the Orb.
     0 | D:1      | Reached XP level 1. HP: 19/19 MP: 1/1
    30 | D:1      | Found a shimmering altar of Xom.
   118 | D:1      | Reached XP level 2. HP: 17/27 MP: 2/2
   621 | D:1      | HP: 1/27 [poisoned by a goblin]
   623 | D:1      | Succumbed to a goblin's poison

Vault maps used:
D:1:      ldierk_water_garden, serial_bayou_ford_a, minmay_door_square,
          xom_teletrap_fun

Action                   || total
-------------------------++-------
Melee: Rapier            ||    28
       Club              ||    63
Armor: Scale mail        ||    36
Dodge: Dodged            ||    22
Block: Shield            ||    42

Table legend:
 A = Spawn XP
 B = Non-spawn XP
 C = Spawn XP percentage of total XP
 D = Spawn monster count
 E = Non-spawn monster count
 F = Spawn count percentage of total count
 G = Total turns spent on level
                    A         B        C        D         E        F      G
               +---------+---------+-------+---------+---------+-------+---------
         Total |       0 |      29 |   0.0 |       0 |      18 |   0.0 |   623
               +---------+---------+-------+---------+---------+-------+---------
           D:1 |       0 |      29 |   0.0 |       0 |      18 |   0.0 |   623
               +---------+---------+-------+---------+---------+-------+---------
